 Dungeon Crawl Stone Soup version 0.17-a0-18-gc25b939 (console) character file.

2909 Monkaria the Cleaver (level 9, -20/71 HPs)
             Began as a Hill Orc Gladiator on Mar 11, 2015.
             Was an Initiate of Beogh.
             Demolished by a cyclops (28 damage)
             ... on level 8 of the Dungeon.
             The game lasted 00:21:17 (7510 turns).

Monkaria the Cleaver (Hill Orc Gladiator)           Turns: 7510, Time: 00:21:17

Health: -20/71     AC:  7    Str: 17 (18) XL:     9   Next: 78%
Magic:  8/8        EV: 13    Int:  8      God:    Beogh [......]
Gold:   375        SH:  0    Dex: 19 (20) Spells: 0 memorised, 8 levels left

rFire  . . .     SeeInvis +     a - +0 war axe
rCold  . . .     Clarity  +     v - +1 ring mail "Boduadd" {-Cast rCorr Dex+6 Stlth-}
rNeg   . . .     SustAb   .     (no shield)
rPois  +         Gourm    .     (helmet restricted)
rElec  .         Spirit   .     (no cloak)
rCorr  +         Warding  .     (no gloves)
rMut   .         Stasis   .     (no boots)
MR     .....     NoCast   +     (no amulet)
Stlth  ..........               p - ring of see invisible
                                (no ring)

@: not resistant to hostile enchantments, extremely unstealthy
A: antennae 1, hooves 1, icy blue scales 1, clarity, frail 1, low mp 1, poison
resistance
a: Renounce Religion


You were on level 8 of the Dungeon.
You worshipped Beogh.
Beogh was noncommittal.
You were not hungry.

You visited 2 branches of the dungeon, and saw 9 of its levels.

You collected 497 gold pieces.
You spent 122 gold pieces at shops.

Inventory:

Hand weapons
 a - a +0 war axe (weapon)
 h - a +0 blowgun
Missiles
 d - 3 throwing nets (quivered)
 k - 36 poisoned needles
Armour
 b - a +0 cloak
 c - a +1 helmet
 n - a +0 leather armour of poison resistance
 v - the +1 ring mail "Boduadd" (worn) {-Cast rCorr Dex+6 Stlth-}
   (You found it on level 5 of the Dungeon)

   It affects your dexterity (+6).
   It prevents spellcasting.
   It protects you from acid and corrosion.
   It makes you less stealthy.
Magical staves
 s - a cursed staff of earth {unknown}
Jewellery
 i - an uncursed ring of fire
 p - a ring of see invisible (right hand)
Magical devices
 u - a wand of flame (34)
 E - a wand of draining (4)
Scrolls
 e - a scroll of amnesia
 g - a scroll of noise
 l - 3 scrolls of remove curse
 o - 2 scrolls of enchant armour
 q - 5 scrolls of identify
 w - a scroll of fog
 y - 2 scrolls of magic mapping
Potions
 r - 3 potions of magic
 t - a potion of haste
 z - a potion of curing
Books
 m - a book of Dreams

   Spells                             Type                      Level
   a - Ensorcelled Hibernation        Hexes/Ice                    2
   b - Flight                         Charms/Air                   3
   c - Phase Shift                    Translocation                5
   d - Shadow Creatures               Summoning                    5
   e - Mass Confusion                 Hexes                        6
   f - Darkness                       Hexes                        7
 x - a book of the Dragon

   Spells                             Type                      Level
   a - Flight                         Charms/Air                   3
   b - Cause Fear                     Hexes                        4
   c - Bolt of Fire                   Conjuration/Fire             6
   d - Dragon Form                    Transmutation                7
   e - Dragon's Call                  Summoning                    9
 C - a book of Alchemy

   Spells                             Type                      Level
   a - Sublimation of Blood           Necromancy                   2
   b - Alistair's Intoxication        Transmutation/Poison         4
   c - Condensation Shield            Ice                          4
   d - Petrify                        Transmutation/Earth          4
   e - Ignite Poison                  Fire/Transmutation           5
   f - Irradiate                      Conjuration/Transmutation    5
Comestibles
 f - 4 meat rations
 j - 9 bread rations
 B - 4 fruits
 D - 2 beef jerkies
 F - 7 slices of pizza


   Skills:
 - Level 7.0 Fighting
 + Level 14.2 Axes
 - Level 2.3 Throwing
 - Level 2.4 Armour
 - Level 3.5 Dodging
 - Level 0.5 Stealth


You had 8 spell levels left.
You didn't know any spells.

Dungeon Overview and Level Annotations

Branches:
Dungeon (8/15)             Temple (1/1) D:7
   Lair: D:8-11

Altars:
Ashenzari
Cheibriados
Elyvilon
Fedhas
Gozag
Kikubaaqudgha
Makhleb
Nemelex Xobeh
Okawaru
Qazlal
Ru
Sif Muna
Trog
Vehumet
Xom
Yredelemnul
Zin
The Shining One

Shops:
D:4 *   D:6 ?==   D:8 *


Innate Abilities, Weirdness & Mutations

You have a pair of small antennae on your head.
You have large cloven feet.
You are partially covered in icy blue scales (AC +1).
You possess an exceptional clarity of mind.
You are frail (-10% HP).
Your magical capacity is low (-10% MP).
Your system is resistant to poisons.


Message History

You kill the crimson imp!
Beogh accepts your kill.
Drink which item? (? for menu, Esc to quit)
Okay, then.
You slash the cyclops!
The cyclops is almost dead.
The cyclops hits you!!
* * * LOW HITPOINT WARNING * * *
You hit the cyclops but do no damage.
The cyclops is almost dead.
You hit the cyclops. Your kick misses the cyclops.
The cyclops is almost dead.
The cyclops hits you!! Beogh protects you from harm!
You hit the cyclops but do no damage.
The cyclops is almost dead.
You hit the cyclops. You kick the cyclops, but do no damage.
The cyclops is almost dead.
The cyclops hits you!!
You die...

# . # # ##
. ... .. ..
.... #. #
#.# .....#.
# ..
.......†###
# .#
.......C@.#
##.#
.......##.#
)..# .∩....
#?# ..##
......##.#
..######
... #..#.##
.......# #
#.#..# #
..####.#
#..#.####..
..#
##........#
..# #
##.#..####


You could see a cyclops.

Vanquished Creatures
  The ghost of Antondotnet the Magician, an experienced DEWz (D:6)
  A human (D:7)
  A yak (D:7)
  2 ice beasts
  An orc warrior (D:8)
  3 sky beasts
  A centaur (D:6)
  4 ogres
  A phantom (D:8)
  A giant frog (D:8)
  A scorpion (D:5)
  8 crimson imps
  A giant frog zombie (D:5)
  An orc priest (D:8)
  A quasit (D:8)
  A centaur zombie (D:5)
  2 hounds (D:4)
  2 orc wizards
  4 worker ants
  3 sheep (D:7)
  A hound zombie (D:7)
  A hound skeleton (D:4)
  14 gnolls
  16 adders
  A giant mite (D:6)
  3 shadow imps
  4 worms
  An adder zombie (D:8)
  An adder skeleton (D:4)
  2 giant geckos (D:3)
  2 oozes
  10 orcs
  A ball python (D:4)
  A bat skeleton (D:5)
  3 bat zombies
  11 giant cockroaches
  13 hobgoblins
  15 jackals
  8 kobolds
  3 quokkas (D:7)
  26 bats
  8 giant newts
  9 goblins
  2 goblin skeletons (D:5)
  2 goblin zombies (D:5)
  A hobgoblin zombie (D:5)
  2 kobold skeletons (D:5)
  A kobold zombie (D:5)
  2 orc skeletons (D:5)
  An orc zombie (D:5)
  2 quokka skeletons (D:4)
  9 rats
216 creatures vanquished.

Vanquished Creatures (others)
  A giant frog (D:8)
  2 orc priests (D:8)
  2 orc wizards (D:8)
  An orc (D:8)
6 creatures vanquished.

Grand Total: 222 creatures vanquished

Notes
Turn   | Place    | Note
--------------------------------------------------------------
     0 | D:1      | Monkaria, the Hill Orc Gladiator, began the quest for the Orb.
     0 | D:1      | Reached XP level 1. HP: 18/18 MP: 1/1
    63 | D:1      | Reached XP level 2. HP: 22/25 MP: 2/2
   209 | D:1      | Reached XP level 3. HP: 26/30 MP: 3/3
   801 | D:2      | Reached XP level 4. HP: 16/37 MP: 4/4
  1029 | D:2      | Reached skill level 1 in Armour
  1478 | D:3      | Noticed an ogre
  1493 | D:2      | Killed an ogre
  1493 | D:2      | HP: 1/37 [ogre/exploding inner flame[the player character] (36)]
  1493 | D:2      | Reached skill level 5 in Axes
  1493 | D:2      | Reached XP level 5. HP: 1/45 MP: 5/5
  1935 | D:3      | Gained mutation: Your system is resistant to poisons. [potion of mutation]
  1935 | D:3      | Gained mutation: You are partially covered in icy blue scales (AC +1). [potion of mutation]
  1935 | D:3      | Gained mutation: You are frail (-10% HP). [potion of mutation]
  2162 | D:3      | Found a sacrificial altar of Ru.
  2358 | D:3      | Reached XP level 6. HP: 42/46 MP: 6/6
  2893 | D:3      | Found a bloodstained altar of Trog.
  3083 | D:4      | Found Xiaczeimew's Assorted Antiques.
  3086 | D:4      | Bought a fizzy black potion for 22 gold pieces
  3086 | D:4      | Bought 3 scrolls labeled SALOLI RENKUIMO for 75 gold pieces
  3086 | D:4      | Bought a scroll labeled MNUEZOM KLUWA for 25 gold pieces
  3225 | D:4      | Reached skill level 5 in Fighting
  3414 | D:4      | Reached skill level 6 in Fighting
  3414 | D:4      | Reached XP level 7. HP: 30/56 MP: 7/7
  3432 | D:4      | Reached skill level 7 in Fighting
  3443 | D:4      | Gained mutation: You have large cloven feet. [mutagenic meat]
  4087 | D:5      | Entered Level 5 of the Dungeon
  4354 | D:5      | Found an iron altar of Okawaru.
  4381 | D:5      | Reached skill level 8 in Axes
  4381 | D:5      | Reached XP level 8. HP: 20/65 MP: 8/8
  4385 | D:5      | Gained mutation: Your magical capacity is low (-10% MP). [mutagenic meat]
  4386 | D:5      | Gained mutation: You possess an exceptional clarity of mind. [mutagenic meat]
  4387 | D:5      | Gained mutation: You have a pair of small antennae on your head. [mutagenic meat]
  4465 | D:5      | Found a radiant altar of Vehumet.
  4787 | D:5      | Reached skill level 9 in Axes
  4797 | D:5      | Found a glowing golden altar of the Shining One.
  4846 | D:5      | Got a twisted ring mail
  4857 | D:5      | Identified the +1 ring mail "Boduadd" {-Cast rCorr Dex+6 Stlth-} (You found it on level 5 of the Dungeon)
  5122 | D:6      | Found Hest's Jewellery Emporium.
  5129 | D:6      | Noticed Antondotnet's ghost (experienced DEWz)
  5145 | D:6      | Killed Antondotnet's ghost
  5145 | D:6      | Reached skill level 11 in Axes
  5160 | D:6      | Found a glowing drain.
  5272 | D:6      | Found Khidipt's Jewellery Shop.
  5360 | D:6      | Found Barid's Magic Scroll Shoppe.
  5507 | D:6      | Reached XP level 9. HP: 71/71 MP: 8/8
  5535 | D:6      | Found an opulent altar of Gozag.
  5543 | D:6      | Reached skill level 12 in Axes
  5816 | D:7      | Found a bloodstained altar of Trog.
  5897 | D:7      | Found a staircase to the Ecumenical Temple.
  5956 | Temple   | Entered the Ecumenical Temple
  6021 | D:7      | Found a snail-covered altar of Cheibriados.
  6337 | D:7      | Reached skill level 13 in Axes
  6808 | D:8      | Found a sacrificial altar of Ru.
  6868 | D:8      | Noticed a cyclops
  6871 | D:8      | Became a worshipper of Beogh the Brigand
  7177 | D:8      | Reached skill level 14 in Axes
  7495 | D:8      | Found Dihusyag's General Store.
  7508 | D:8      | Beogh protects you from harm!
  7510 | D:8      | Demolished by a cyclops

Action                   |  1- 3 |  4- 6 |  7- 9 || total
-------------------------+-------+-------+-------++-------
Melee: War axe           |    80 |   211 |   493 ||   784
Throw: Throwing net      |       |     2 |       ||     2
Invok: Convert to Beogh  |       |       |     1 ||     1
  Use: Scroll            |       |     7 |     3 ||    10
       Potion            |       |     6 |     5 ||    11
 Stab: Held in net/web   |       |     1 |       ||     1
       Sleeping          |       |     1 |       ||     1
  Eat: Chunk             |       |     8 |    19 ||    27
